 Dungeon Crawl Stone Soup version 0.31-a0-355-g57cb03d3e8 (webtiles) character file.

Game seed: 2680461687694704425

1623218 Shard1697 the Swordmaster (level 25, 208/231 HPs)
             Began as a Red Draconian Delver on July 25, 2023.
             Was a High Priest of Okawaru.
             Escaped with the Orb
             ... and 3 runes!
             The game lasted 02:36:01 (70227 turns).

Shard1697 the Swordmaster (Red Draconian Delver)   Turns: 70227, Time: 02:36:02

Health: 208/231    AC: 23    Str: 18    XL:     25   Next: 38%
Magic:  29/29      EV: 40    Int: 12    God:    Okawaru [*****.]
Gold:   1966       SH: 20    Dex: 34    Spells: 25/32 levels left

rFire   + + +        a - +9 double sword (protect)
rCold   + + .        M - +2 shield of Resistance {rF++ rC++ Will++}
rNeg    + . .        (body armour unavailable)
rPois   +            R - +2 hat {Stlth+}
rElec   +            Y - +2 cloak {Stlth+}
rCorr   +            W - +2 pair of gloves {Dex+3}
SInv    .            T - +2 pair of boots {Stlth+}
Will    +++..        Z - amulet of the Air {Inacc Air Fly rElec RMsl}
Stlth   ++++         Q - ring of Genkun {rF+ rN+ Int+3 Dex+4}
HPRegen 0.58/turn    i - ring of Osaaqe Coli {rElec rPois rCorr Dex+6 Slay+3}
MPRegen 0.21/turn

%: inaccuracy (-5), repel missiles
@: flying, studying Necromancy
A: breathe fire, AC +12, unfitting armour, fire resistance 1, cold-blooded,
dopey 1
0: Orb of Zot
}: 3/15 runes: serpentine, barnacled, abyssal
a: Breathe Fire, Renounce Religion, Heroism, Finesse, Duel


You escaped.
You worshipped Okawaru.
Okawaru was extremely pleased with you.
You visited 11 branches of the dungeon, and saw 50 of its levels.
You visited the Abyss 1 time.
You visited 1 bazaar.
You also visited: Ice Cave.

You collected 7266 gold pieces.
You spent 5300 gold pieces at shops.

Inventory:

Hand Weapons
 a - a +9 double sword of protection (weapon)
 b - a +3 eudemon blade of holy wrath
Missiles
 p - 6 silver javelins
 J - 4 throwing nets
Armour
 u - the +4 kite shield of Purpose {rF+ rC+ Dex+2}
   (Okawaru gifted it to you on level 5 of the Lair of Beasts)

   Dex:       It affects your dexterity (+2).
   rF:        It protects you from fire.
   rC:        It protects you from cold.
 M - the +2 shield of Resistance (worn) {rF++ rC++ Will++}
   (Okawaru gifted it to you on level 3 of the Lair of Beasts)

   rF:        It greatly protects you from fire.
   rC:        It greatly protects you from cold.
   Will:      It greatly increases your willpower.
 P - a scarf of invisibility
 R - a +2 hat of stealth (worn)
 S - a +2 pair of boots of rampaging
 T - a +2 pair of boots of stealth (worn)
 W - a +2 pair of gloves of dexterity (worn)
 Y - a +2 cloak of stealth (worn)
Jewellery
 i - the ring of Osaaqe Coli (right hand) {rElec rPois rCorr Dex+6 Slay+3}
   (You bought it in a shop on level 1 of the Elven Halls)

   [ring of dexterity]

   Dex:       It affects your dexterity (+6).
   Slay:      It affects your accuracy & damage with ranged weapons and melee
   (+3).
   rElec:     It insulates you from electricity.
   rPois:     It protects you from poison.
   rCorr:     It protects you from acid and corrosion.
 s - the ring "Pyssesyc" {rCorr SInv}
   (You found it on level 4 of the Depths)

   [ring of see invisible]

   SInv:      It lets you see invisible.
   rCorr:     It protects you from acid and corrosion.
 K - a +6 ring of dexterity
 N - the ring "Kyureqox" {rElec rPois rN+ MP+9 Str-5}
   (You took it off a spriggan berserker on level 2 of the Depths)

   [ring of magical power]

   Str:       It affects your strength (-5).
   rElec:     It insulates you from electricity.
   rPois:     It protects you from poison.
   rN:        It protects you from negative energy.
   MP:        It affects your magic capacity (+9).
 Q - the ring of Genkun (left hand) {rF+ rN+ Int+3 Dex+4}
   (You found it on level 3 of the Crypt)

   [ring of positive energy]

   Int:       It affects your intelligence (+3).
   Dex:       It affects your dexterity (+4).
   rF:        It protects you from fire.
   rN:        It protects you from negative energy.
 X - the amulet "Faygisei" {rPois rF+ Regen+ Str+4}
   (You found it on level 3 of the Depths)

   [amulet of regeneration]

   Str:       It affects your strength (+4).
   rF:        It protects you from fire.
   rPois:     It protects you from poison.
   Regen:     It increases your rate of health regeneration.
 Z - the amulet of the Air (around neck) {Inacc Air Fly rElec RMsl}
   (You bought it in a shop on level 2 of the Orcish Mines)

   [amulet of nothing]

   Inacc:     It reduces the accuracy of your attacks and spells.
   Air:       It enhances your air magic.
   rElec:     It insulates you from electricity.
   Fly:       It grants you flight.
   RMsl:      It protects you from missiles.
Wands
 f - a wand of digging (25)
 j - a wand of flame (70)
 l - a wand of mindburst (11)
 x - a wand of paralysis (43)
 y - a wand of light (22)
 L - a wand of roots (43)
 U - a wand of polymorph (13)
Scrolls
 h - 5 scrolls of enchant armour
 k - 13 scrolls of teleportation
 m - 7 scrolls of vulnerability
 r - 2 scrolls of fear
 z - 35 scrolls of identify
 A - 5 scrolls of revelation
 B - 2 scrolls of poison
 D - a scroll of brand weapon
 G - 9 scrolls of fog
Potions
 c - 2 potions of cancellation
 d - a potion of might
 e - 22 potions of curing
 g - a potion of mutation
 n - 8 potions of brilliance
 o - 5 potions of enlightenment
 q - a potion of invisibility
 t - a potion of magic
 w - 6 potions of haste
 C - 2 potions of berserk rage
 E - 10 potions of ambrosia
 H - 7 potions of resistance
 V - 13 potions of heal wounds
Miscellaneous
 v - a lightning rod (4/4)
 O - a condenser vane


   Skills:
 - Level 19.9 Fighting
 O Level 27 Long Blades
 + Level 21.7 Dodging
 - Level 13.8 Stealth
 - Level 15.6 Shields
 - Level 4.0 Spellcasting
 - Level 7.0 Translocations
 - Level 9.3 Invocations
 - Level 14.4 Evocations


You had 25 spell levels left.
You knew the following spells:

 Your Spells              Type           Power      Damage    Failure   Level
a - Vhi's Electric Charg  Tloc/Air       32%        N/A       24%         3
b - Blink                 Tloc           38%        N/A       3%          2
f - Lesser Beckoning      Tloc           38%        N/A       3%          2

Your spell library contained the following spells:

 Spells                   Type           Power      Damage    Failure   Level
 Gell's Gravitas          Tloc           19%        N/A       6%          3
 Teleport Other           Tloc           19%        N/A       6%          3
 Momentum Strike          Conj/Tloc      20%        3d8       12%         2
 Manifold Assault         Tloc           19%        N/A       19%         4
 Passage of Golubria      Tloc           19%        N/A       19%         4
 Portal Projectile        Hex/Tloc       20%        N/A       24%         3
 Freeze                   Ice            8%         1d3       34%         1
 Magic Dart               Conj           8%         1d3       34%         1
 Necrotise                Necr           8%         1d4       34%         1
 Shock                    Conj/Air       12%        1d3       34%         1
 Sting                    Tmut/Pois      8%         1d3       34%         1
 Cigotuvi's Dreadful Rot  Necr/Pois/Air  6%         N/A       45%         2
 Ensorcelled Hibernation  Hex/Ice        4%         N/A       45%         2
 Passwall                 Tmut/Erth      1%         N/A       45%         2
 Poisonous Vapours        Pois/Air       6%         N/A       45%         2
 Searing Ray              Conj           4%         2d4       45%         2
 Static Discharge         Conj/Air       6%         2-3/arc   45%         2
 Sublimation of Blood     Necr           2%         N/A       45%         2
 Iskenderun's Mystic Bla  Conj/Tloc      10%        2d4       63%         4
 Dazzling Flash           Conj/Hex       4%         N/A       71%         3
 Frozen Ramparts          Ice            4%         1d1       71%         3
 Hailstorm                Conj/Ice       2%         3d3       71%         3
 Ignite Poison            Fire/Tmut/Pois 2%         N/A       71%         3
 Ozocubu's Armour         Ice            2%         N/A       71%         3
 Swiftness                Air            3%         N/A       71%         3
 Vampiric Draining        Necr           2%         2d6       71%         3
 Dispersal                Tloc           9%         N/A       96%         6
 Airstrike                Air            1%         2d(1-17)  98%         4
 Anguish                  Hex/Necr       1%         N/A       98%         4
 Cause Fear               Hex            1%         N/A       98%         4
 Dispel Undead            Necr           2%         3d7       98%         4
 Flame Wave               Conj/Fire      2%         2d4       98%         4
 Fulminant Prism          Conj/Hex       1%         3d5       98%         4
 Olgreb's Toxic Radiance  Pois           2%         N/A       98%         4
 Petrify                  Tmut/Erth      2%         N/A       98%         4
 Sticky Flame             Conj/Fire      2%         2d3       98%         4
 Agony                    Necr           2%         N/A       100%        5
 Arcjolt                  Conj/Air       1%         1d11      100%        5
 Borgnjor's Vile Clutch   Necr/Erth      1%         N/A       100%        5
 Fireball                 Conj/Fire      1%         3d3       100%        5
 Freezing Cloud           Conj/Ice/Air   1%         6-21      100%        5
 Iskenderun's Battlesphe  Conj           2%         2d6       100%        5
 Metabolic Englaciation   Hex/Ice        1%         N/A       100%        5
 Silence                  Hex/Air        1%         N/A       100%        5
 Yara's Violent Unravell  Hex/Tmut       1%         3d3       100%        5
 Conjure Ball Lightning   Conj/Air       1%         3x3d6     100%        6
 Leda's Unmaking          Conj/Erth      1%         9d1       100%        6
 Plasma Beam              Fire/Air       1%         2x1d11    100%        6
 Orb of Destruction       Conj           1%         9d5       100%        7
 Ozocubu's Refrigeration  Ice            1%         4d7       100%        7
 Borgnjor's Revivificati  Necr           1%         N/A       100%        8
 Disjunction              Tloc           9%         N/A       100%        8
 Ignition                 Fire           1%         3d3       100%        8
 Lehudib's Crystal Spear  Conj/Erth      1%         10d2      100%        8
 Chain Lightning          Conj/Air       1%         3d2       100%        9
 Death's Door             Necr           1%         N/A       100%        9
 Fire Storm               Conj/Fire      1%         7d1       100%        9
 Shatter                  Erth           1%         3d5*      100%        9
 Tukima's Dance           Hex            Unusable   N/A       N/A         3
 Animate Dead             Necr           Unusable   N/A       N/A         4
 Summon Ice Beast         Ice/Summ       Unusable   N/A       N/A         4
 Summon Lightning Spire   Summ/Air       Unusable   N/A       N/A         4
 Death Channel            Necr           Unusable   N/A       N/A         6
 Simulacrum               Ice/Necr       Unusable   N/A       N/A         6
 Spellforged Servitor     Conj/Summ      Unusable   N/A       N/A         7

Dungeon Overview and Level Annotations

Branches:
Dungeon (15/15)            Temple (1/1) D:7            Lair (5/5) D:8
 Shoals (4/4) Lair:3        Snake (4/4) Lair:3        Slime (0/5) Lair:4
    Orc (2/2) D:9             Elf (3/3) Orc:2        Vaults (4/5) D:13
  Crypt (3/3) Vaults:3       Tomb (0/3) Crypt:3      Depths (4/4) D:15
    Zot (5/5) Depths:4      IceCv (visited)

Altars:
Ashenzari
Cheibriados
Dithmenos
Elyvilon
Fedhas
Gozag
Hepliaklqana
Kikubaaqudgha
Makhleb
Nemelex Xobeh
Okawaru
Qazlal
Ru
Sif Muna
Trog
Uskayaw
Vehumet
Wu Jian
Xom
Yredelemnul
Zin
The Shining One

Shops:
D:1 *   D:13 !   Orc:2 *([=   Elf:1 =:=:*   Elf:2 ([*   Snake:2 (
Snake:3 [**(   Vaults:2 !   Zot:5 *   Depths:2 :

Portals:
Hell: Depths:1 Depths:2 Depths:3 Depths:4
Abyss: Depths:3
Pandemonium: Depths:1 Depths:2 Depths:4
Ziggurat: Depths:4
Trove: D:15 (show abyssal rune of Zot)

Annotations:
D:4 exclusion: ogre
D:10 Psyche
D:11 3 runed translucent doors, randomguy2701's ghost, novice HOMo
Shoals:1 Roxanne
Snake:3 Aizul
Elf:2 1 runed translucent door, Brmiller011's ghost, adept MiBe
Zot:3 3 runed translucent doors, Parghit; spiderkeys's ghost, legendary OpSh


Innate Abilities, Weirdness & Mutations

You can breathe blasts of fire.
Your fiery red scales are hard. (AC +12)
You cannot fit into any form of body armour.
Your flesh is heat resistant. (rF+)
You are cold-blooded and may be slowed by cold attacks.
You are dopey. (Int -2)


Message History

You block the profane servitor's attack.
The profane servitor completely misses you.
Your +3 eudemon blade of holy wrath stops glowing.
Your +9 double sword of protection hums with potential!
a - a +9 double sword of protection (weapon)
You completely miss the profane servitor.
The profane servitor is heavily damaged.
The profane servitor closely misses you.
The profane servitor hits you but does no damage.
You writhe in agony.
You carve the profane servitor like a ham!!!
Your weapon exudes an aura of protection.
You tail-slap the profane servitor, but do no damage.
The profane servitor is almost destroyed.
The profane servitor completely misses you. x3
You block the profane servitor's attack.
You slice the profane servitor like a ripe choko!!!
You destroy the profane servitor!
Okawaru accepts your kill.
Your life force feels restored.
You see here a +2 demon whip of pain.
HP restored.
There is an open door here.
You feel like a meek peon again.
There is a large open door here.
There is a large open door here.
There is an open door here.
There is an open door here.
There is an open door here.
There is a staircase leading out of the dungeon here.
Really quaff the potion of mutation?
You feel extremely strange.
You feel stronger.
You feel frail.
You feel agile.
You feel frail.
You feel agile.
Really quaff the potion of mutation?
You feel extremely strange.
You feel clumsy.
You no longer become unable to read scrolls after taking damage.
You feel robust.
You feel stupid.
You have escaped!

#.##...~♣~...##.#~#.#
#.8#.........#8.###.#
#.##♣.......♣##.#≈≈.#
#'# ♣~.....~♣##'##≈.#
8.8##♣##'##♣##8.8#≈.##
...###8#'#8###...#≈..#
...+.........'...#≈..#
...##8##.##8##...#≈#.#
..8#~ #'#~♣~#8.@#≈#>#
#####♣##'##♣######≈#.#
≈≈≈≈≈≈≈.≈≈≈≈≈≈≈ ≈≈#.#
########.###########.#
.................# #.#
################.# #.#
#.# #.# #.# #.# #.#
#.#


There were no monsters in sight!

Vanquished Creatures
  A dread lich (Crypt:3)
  2 ancient liches
  4 orbs of fire
  3 juggernauts
  Mennas (Vaults:2)
  Mara (Depths:3)
  Vv (Zot:4)
  Sojobo (Depths:2)
  7 Killer Klowns
  Frederick (Vaults:2)
  3 curse toes
  7 golden dragons
  Saint Roka (Snake:2)
  5 caustic shrikes
  A profane servitor (D:1)
  Nikola (Elf:1)
  A bone dragon (Crypt:3)
  An electric golem (Zot:5)
  Zenata (Crypt:2)
  7 tentacled monstrosities
  5 liches
  22 Orb Guardians
  7 hellephants
  A walking frostbound tome (Depths:3)
  A walking divine tome (Depths:3)
  A walking crystal tome (Depths:2)
  2 deep elf master archers (Elf:3)
  3 deep elf blademasters
  5 quicksilver dragons
  6 sphinxes
  10 shadow dragons
  2 death cobs
  Frances (Elf:1)
  Agnes (Elf:1)
  2 Executioners
  5 ancient champions
  4 tengu reavers
  17 storm dragons
  A revenant (Crypt:1)
  6 nagarajas
  4 fire giants
  Ilsuiw (Shoals:3)
  9 frost giants
  Donald (Snake:1)
  6 draconian knights
  4 draconian monks
  4 ghost moths
  An iron dragon (Depths:4)
  3 deep elf sorcerers (Elf:3)
  6 draconian scorchers
  4 curse skulls
  3 draconian shifters
  4 deep elf elementalists (Elf:3)
  15 vault wardens
  3 ghouls
  Louise (Shoals:4)
  3 draconian annihilators
  2 draconian stormcallers (Zot:2)
  2 formless jellyfish
  19 ironbound preservers
  8 stone giants
  2 reapers
  5 very ugly things
  A war gargoyle (Vaults:2)
  2 orc warlords
  A spriggan defender (Depths:1)
  6 vampire knights
  Nessos (D:12)
  8 ironbound thunderhulks
  12 deep elf demonologists
  7 green draconians
  9 black draconians
  11 purple draconians
  11 yellow draconians
  13 dire elephants
  10 white draconians
  8 deep elf annihilators (Elf:3)
  9 red draconians
  4 eidola
  Snorg (Orc:2)
  7 spark wasps
  14 merfolk impalers
  5 fire dragons
  8 ettins
  2 crystal guardians (Vaults:4)
  11 jiangshi
  5 merfolk javelineers
  10 deep elf death magi
  3 yaktaur captains
  An entropy weaver (shapeshifter) (D:15)
  A quicksilver dragon zombie (Depths:2)
  2 deep elf high priests (Elf:3)
  Josephine (Orc:1)
  An entropy weaver (Vaults:4)
  8 great orbs of eyes
  2 peacekeepers
  9 vault guards
  A hell beast (Depths:4)
  6 rakshasas
  2 hydras
  Erolcha (Orc:2)
  5 salamander tyrants
  7 anacondas
  A juggernaut simulacrum (Crypt:2)
  3 merfolk avatars
  2 ogre magi
  3 catoblepae (Lair:5)
  5 ice dragons
  A death knight (Crypt:2)
  8 ironbound frosthearts
  4 spriggan air magi
  9 boulder beetles
  4 deep troll shamans
  15 centaur warriors
  30 dancing weapons
  A boulder beetle (shapeshifter) (Vaults:2)
  4 merfolk aquamancers
  2 satyrs
  9 two-headed ogres
  4 spriggan berserkers
  Urug (D:11)
  4 vampire magi
  A satyr (shapeshifter) (Depths:3)
  4 deep troll earth magi
  7 hell hogs (Depths:4)
  11 death yaks
  14 naga warriors
  11 shock serpents
  A thrashing horror (Abyss:3)
  An orc high priest (Orc:2)
  3 soul eaters
  15 deep elf knights
  6 sun demons
  A large abomination (Abyss:2)
  Nergalle (Lair:3)
  9 naga sharpshooters
  4 hell knights (Depths:2)
  3 iron trolls
  12 skeletal warriors
  5 skysharks
  A wretched star (Abyss:3)
  A shadow wraith (Crypt:2)
  A sea snake (shapeshifter) (D:15)
  11 salamander mystics
  Lodul (D:11)
  A storm dragon skeleton (Crypt:3)
  3 glowing orange brains
  2 sun moths
  A spatial maelstrom (Abyss:3)
  12 sea snakes
  52 deep trolls
  3 flayed ghosts
  A bunyip zombie (Crypt:3)
  A shadow demon (Depths:2)
  2 orange crystal statues
  7 naga ritualists
  A death drake (shapeshifter) (Depths:3)
  7 wizards
  18 ironbound convokers
  3 harpies (Shoals:1)
  7 phantasmal warriors (Crypt:2)
  12 necromancers
  7 lindwurms
  15 deep elf archers
  An iron dragon zombie (Crypt:3)
  5 mana vipers
  5 orc knights
  33 deep elf zephyrmancers
  27 deep elf pyromancers
  14 salamanders
  15 cyclopes
  2 oklob plants
  13 manticores
  26 ugly things
  12 fauns
  7 orc sorcerers
  A stone giant zombie (Crypt:2)
  A formless jellyfish zombie (Crypt:2)
  9 merfolk sirens
  24 moths of wrath
  A cyclops (shapeshifter) (Depths:2)
  A dire elephant zombie (Crypt:2)
  17 elephants
  11 water nymphs
  A guardian serpent (Snake:3)
  21 black mambas
  10 vault sentinels
  15 naga magi
  3 gargoyles
  An orange demon (Depths:2)
  3 storm dragon simulacra (IceCv)
  An unseen horror (shapeshifter) (Elf:1)
  15 cane toads
  2 dire elephant skeletons (Crypt:2)
  A hellion (Depths:1)
  2 smoke demons (Depths:4)
  25 yaktaurs
  7 komodo dragons
  3 unseen horrors
  2 swamp worm zombies (Crypt:3)
  4 freezing wraiths
  An anaconda simulacrum (Crypt:3)
  2 tengu conjurers (D:15)
  5 golden dragon simulacra
  A black draconian skeleton (Crypt:1)
  A yaktaur (shapeshifter) (D:13)
  A death yak skeleton (Crypt:2)
  A guardian mummy (Crypt:3)
  6 rime drakes
  2 red devils
  A queen bee (Orc:2)
  2 hellwings (Depths:1)
  30 merfolk
  2 polar bears
  7 trolls
  4 wind drakes
  2 death drake skeletons
  A human skeleton (Vaults:1)
  A tarantella (Vaults:4)
  12 blink frogs
  2 harpy skeletons (Crypt:2)
  3 snapping turtles
  A stone giant simulacrum (Crypt:3)
  11 dream sheep
  30 slime creatures
  3 flying skulls (Crypt:1)
  A culicivora (Vaults:1)
  10 air elementals
  3 jumping spiders
  23 water elementals
  3 ynoxinuls
  A vampire (D:11)
  2 shadows
  10 wraiths
  2 basilisks
  4 wyverns
  4 humans (Zot:3)
  39 yaks
  A redback (D:10)
  Grum (D:10)
  3 fire elementals
  2 chaos spawn
  A neqoxec (Depths:4)
  3 spatial vortices (Abyss:3)
  14 vampire mosquitoes
  A harpy simulacrum (Crypt:3)
  41 nagas
  A naga (shapeshifter) (D:15)
  An acid dragon (D:12)
  5 wargs
  A faun zombie (Crypt:2)
  14 water moccasins
  A naga zombie (Crypt:3)
  A floating eye (Depths:2)
  2 glowing shapeshifter skeletons (Depths:2)
  A demonspawn skeleton (Crypt:3)
  A human zombie (Vaults:1)
  A sky beast (D:6)
  A swamp dragon zombie (Crypt:1)
  2 ice beasts
  A black bear (Lair:2)
  27 orc warriors
  34 wolves
  10 ice dragon simulacra (IceCv)
  20 ogres
  5 boggarts
  3 centaurs
  A rime drake zombie (Crypt:2)
  2 kobold brigands
  Blork the orc (D:5)
  16 bullfrogs
  3 necrophages
  A draconian skeleton (Crypt:3)
  A gnoll sergeant (D:8)
  3 wyvern zombies
  2 scorpions
  6 earth elementals
  2 ogre simulacra (Vaults:1)
  6 wights
  A wyvern skeleton (Crypt:3)
  A water moccasin skeleton (Crypt:1)
  4 lindwurm simulacra (IceCv)
  A queen bee zombie (Crypt:3)
  7 electric eels
  A howler monkey (D:12)
  2 lava snakes (D:10)
  8 hounds
  A bullfrog skeleton (Crypt:2)
  19 orc priests
  A black bear skeleton (Crypt:1)
  2 gnoll boudas
  A jelly (Lair:4)
  3 sleepcaps
  3 iguanas
  Terence (D:2)
  Natasha (twice) (D:3)
  A boggart zombie (Crypt:3)
  25 orc wizards
  An ice beast zombie (Crypt:2)
  A deep dwarf skeleton (Crypt:1)
  12 mummies (Crypt:3)
  11 gnolls
  12 adders
  2 white imps
  An ufetubus (D:5)
  A lava snake skeleton (Crypt:3)
  2 worms
  9 dart slugs
  67 orcs
  6 ball pythons
  6 endoplasms
  4 giant cockroaches
  5 goblins
  7 hobgoblins
  A jackal (D:3)
  5 quokkas
  4 bats
  12 frilled lizards
  A goblin skeleton (Crypt:2)
  17 kobolds
  4 rats
  2 butterflies
1972 creatures vanquished.

Vanquished Creatures (others)
  A ghost moth (Zot:3)
  A merfolk aquamancer (Shoals:4)
  2 deep elf knights (Elf:2)
  A deep troll (Depths:3)
  A deep elf zephyrmancer (Elf:2)
  A moth of wrath (Zot:1)
  A human (Zot:3)
  An orc priest (Orc:2)
9 creatures vanquished.

Grand Total: 1981 creatures vanquished

Notes
Turn   | Place    | Note
-------+----------+-------------------------------------------
     0 | D:5      | Shard1697 the Draconian Delver began the quest for the Orb.
     0 | D:5      | Reached XP level 1. HP: 19/19 MP: 1/1
    20 | D:4      | Noticed an iguana
   113 | D:3      | Reached XP level 2. HP: 16/26 MP: 2/2
   176 | D:3      | Noticed Natasha
   214 | D:3      | Reached skill level 3 in Long Blades
   758 | D:1      | Reached XP level 3. HP: 26/31 MP: 3/3
   993 | D:1      | Found Jiheumma's Assorted Antiques.
   996 | D:1      | Bought an emerald potion for 25 gold pieces
  1481 | D:2      | Noticed Terence
  1669 | D:2      | Noticed a scorpion
  1677 | D:2      | Killed a scorpion
  1678 | D:2      | Reached skill level 4 in Long Blades
  1678 | D:2      | Reached XP level 4. HP: 35/38 MP: 4/4
  1978 | D:2      | Reached skill level 5 in Long Blades
  1993 | D:2      | Killed Terence
  1994 | D:2      | Reached XP level 5. HP: 36/45 MP: 5/5
  2552 | D:3      | Killed Natasha
  2830 | D:3      | Noticed Natasha
  2840 | D:3      | Killed Natasha
  2841 | D:3      | Reached skill level 6 in Long Blades
  3060 | D:4      | Noticed an ogre
  3090 | D:4      | Reached XP level 6. HP: 21/51 MP: 6/6
  3564 | D:5      | Noticed Blork the orc
  3571 | D:5      | Killed Blork the orc
  3760 | D:5      | Found a blossoming altar of Fedhas.
  3769 | D:5      | Reached skill level 5 in Fighting
  3769 | D:5      | Reached skill level 7 in Long Blades
  3769 | D:5      | Your scales start taking on a fiery red colour.
  3769 | D:5      | Reached XP level 7. HP: 61/61 MP: 7/7
  3769 | D:5      | Gained mutation: Your flesh is heat resistant. (rF+) [Red
                  | Draconian growth]
  4415 | D:5      | Found an ancient bone altar of Kikubaaqudgha.
  5079 | D:6      | Found an ornate altar of the Wu Jian Council.
  5079 | D:6      | Found a shimmering blue altar of Sif Muna.
  5085 | D:6      | Found a shimmering altar of Xom.
  5085 | D:6      | Found a glowing silver altar of Zin.
  5087 | D:6      | Found a sparkling altar of Nemelex Xobeh.
  5427 | D:6      | Reached skill level 8 in Long Blades
  5427 | D:6      | Reached XP level 8. HP: 48/71 MP: 8/8
  6270 | D:7      | Reached skill level 9 in Long Blades
  6537 | D:7      | Found a staircase to the Ecumenical Temple.
  6810 | D:7      | Reached XP level 9. HP: 65/82 MP: 9/9
  7160 | D:8      | Noticed a troll
  7459 | D:8      | Noticed a two-headed ogre
  7468 | D:8      | Killed a two-headed ogre
  7469 | D:8      | Reached skill level 10 in Long Blades
  7523 | Temple   | Entered the Ecumenical Temple
  7531 | Temple   | Became a worshipper of Warmaster Okawaru
  7615 | D:8      | Reached skill level 10 in Fighting
  7836 | D:8      | Reached skill level 1 in Invocations
  7970 | D:8      | Found a glowing golden altar of the Shining One.
  8109 | D:8      | Found a staircase to the Lair.
  8112 | D:8      | Reached * piety under Okawaru
  8189 | D:8      | Killed a troll
  8254 | D:9      | Noticed a two-headed ogre
  8269 | D:9      | Killed a two-headed ogre
  8270 | D:9      | Reached skill level 11 in Long Blades
  8270 | D:9      | Reached XP level 10. HP: 55/93 MP: 11/11
  8649 | D:9      | Found a staircase to the Orcish Mines.
  9053 | D:10     | Entered Level 10 of the Dungeon
  9062 | D:10     | Noticed Psyche
  9088 | D:9      | Reached ** piety under Okawaru
  9290 | D:10     | Noticed a gargoyle
  9394 | D:10     | Killed a gargoyle
  9585 | D:10     | Noticed Grum
  9595 | D:10     | Killed Grum
  9596 | D:10     | Reached skill level 5 in Dodging
 10536 | D:10     | Reached skill level 12 in Long Blades
 10672 | D:10     | Found a runed translucent door.
 10940 | D:11     | Noticed a cyclops
 10966 | D:11     | Killed a cyclops
 11088 | D:11     | Reached *** piety under Okawaru
 11247 | D:11     | Noticed Urug
 11286 | D:11     | Killed Urug
 11287 | D:11     | Reached XP level 11. HP: 68/99 MP: 14/14
 11441 | D:11     | Reached skill level 5 in Invocations
 11448 | D:11     | Noticed Lodul
 11455 | D:11     | Killed Lodul
 11646 | D:11     | Reached **** piety under Okawaru
 11879 | D:11     | Found a runed translucent gate.
 11879 | D:11     | Found a runed translucent gate.
 11880 | D:11     | Found a runed translucent gate.
 11881 | D:11     | Noticed randomguy2701's ghost (novice HOMo)
 11958 | Lair:1   | Entered Level 1 of the Lair of Beasts
 11959 | Lair:1   | Noticed an oklob plant
 12155 | Lair:1   | Reached skill level 13 in Long Blades
 12380 | Lair:1   | Noticed a death yak
 12383 | Lair:1   | Noticed a death yak
 12407 | Lair:1   | Killed a death yak
 12412 | Lair:1   | Noticed a death yak
 12432 | Lair:1   | Killed a death yak
 12438 | Lair:1   | Killed a death yak
 12995 | Lair:1   | Reached ***** piety under Okawaru
 13370 | Lair:1   | Killed an oklob plant
 13451 | Lair:2   | Reached XP level 12. HP: 104/106 MP: 17/17
 13631 | Lair:2   | Reached skill level 14 in Long Blades
 15079 | Lair:3   | Noticed Nergalle
 15089 | Lair:3   | Killed Nergalle
 15089 | Lair:3   | Received a gift from Okawaru
 15089 | Lair:3   | Found the +2 shield of Resistance {rF++ rC++ Will++}
 15185 | Lair:3   | Reached skill level 1 in Evocations
 15188 | Lair:3   | Reached skill level 1 in Shields
 15320 | Lair:3   | Reached skill level 10 in Dodging
 15571 | Lair:3   | Noticed a boulder beetle
 15603 | Lair:3   | Reached skill level 15 in Long Blades
 15683 | Lair:3   | Killed a boulder beetle
 15960 | Lair:3   | Found a staircase to the Shoals.
 16244 | Lair:3   | Reached XP level 13. HP: 99/113 MP: 18/18
 16281 | Lair:3   | Found a staircase to the Snake Pit.
 16515 | Lair:4   | Found a staircase to the Slime Pits.
 16743 | Lair:4   | Reached skill level 5 in Shields
 17525 | Lair:4   | Received a gift from Okawaru
 17675 | Lair:5   | Entered Level 5 of the Lair of Beasts
 18026 | Lair:4   | Reached skill level 16 in Long Blades
 18067 | Lair:5   | Found a shimmering altar of Xom.
 18104 | Lair:5   | Reached skill level 5 in Evocations
 18247 | Lair:5   | Identified the +5 war axe "Hellblazer" {drain, Will+}
 18449 | Lair:5   | Reached ****** piety under Okawaru
 18473 | Lair:5   | Received a gift from Okawaru
 18925 | Lair:5   | Reached XP level 14. HP: 121/121 MP: 17/19
 19270 | Lair:5   | Reached skill level 10 in Shields
 19397 | Lair:5   | Identified the +4 kite shield of Purpose {rF+ rC+ Dex+2}
                  | (Okawaru gifted it to you on level 5 of the Lair of Beasts)
 19397 | Lair:5   | Received a gift from Okawaru
 19486 | Lair:5   | Got Quotidian Witchery
 19910 | Orc:1    | Entered Level 1 of the Orcish Mines
 19979 | Orc:2    | Entered Level 2 of the Orcish Mines
 20340 | Orc:2    | Found a staircase to the Elven Halls.
 20344 | Orc:2    | Noticed Snorg
 20381 | Orc:2    | Killed Snorg
 20699 | Orc:1    | Noticed Josephine
 20708 | Orc:1    | Killed Josephine
 21109 | Orc:2    | Noticed Erolcha
 21114 | Orc:2    | Killed Erolcha
 21692 | Orc:2    | Noticed an orc warlord
 21813 | Orc:2    | Noticed Sonja
 21830 | Orc:2    | Sonja changed into Sonja the queen bee
 21830 | Orc:2    | Noticed Sonja
 21837 | Orc:2    | Killed Sonja the queen bee
 21961 | Orc:1    | Killed an orc warlord
 22097 | Orc:2    | Found Votewak's Jewellery Boutique.
 22110 | Orc:2    | Found Kocilliy's Antique Weapon Boutique.
 22138 | Orc:2    | Bought a +6 ring of dexterity for 432 gold pieces
 22163 | Orc:2    | Found Adaxtyra's General Store.
 22171 | Orc:2    | Bought a scroll of enchant armour for 75 gold pieces
 22171 | Orc:2    | Bought 3 scrolls of teleportation for 90 gold pieces
 22171 | Orc:2    | Bought a wand of paralysis (4) for 96 gold pieces
 22171 | Orc:2    | Bought a wand of mindburst (7) for 98 gold pieces
 22171 | Orc:2    | Bought a wand of roots (8) for 192 gold pieces
 22179 | Orc:2    | Found Qavip's Antique Armour Boutique.
 22626 | D:10     | Found a runed translucent gate.
 22626 | D:10     | Found a runed translucent gate.
 22633 | D:10     | Found a runed translucent gate.
 22633 | D:10     | Found a runed translucent gate.
 22633 | D:10     | Found a runed translucent gate.
 22634 | D:10     | Found a runed translucent gate.
 22662 | D:10     | Received a gift from Okawaru
 22663 | D:10     | Reached skill level 5 in Stealth
 23213 | D:12     | Reached XP level 15. HP: 113/130 MP: 15/20
 23421 | D:12     | Noticed Nessos
 23432 | D:12     | Killed Nessos
 23572 | D:13     | Found Bumempu's Distillery.
 23576 | D:13     | Bought 2 potions of heal wounds for 140 gold pieces
 23576 | D:13     | Bought a potion of heal wounds for 70 gold pieces
 23576 | D:13     | Bought a potion of haste for 140 gold pieces
 23576 | D:13     | Bought a potion of resistance for 140 gold pieces
 23576 | D:13     | Bought a potion of heal wounds for 70 gold pieces
 23743 | D:13     | Identified the +3 ring mail of Divine Intervention {Harm
                  | MP-9 Dex+4 Stlth+}
 24016 | D:13     | Found a gate to the Vaults.
 24335 | D:14     | Received a gift from Okawaru
 24739 | D:15     | Entered Level 15 of the Dungeon
 25128 | D:15     | Found a portal to a secret trove of treasure.
 25359 | D:15     | Found a staircase to the Depths.
 25837 | Snake:1  | Entered Level 1 of the Snake Pit
 26000 | Snake:1  | Identified the +6 tower shield "Monoddar" {Rampage rC++ rN+
                  | Stlth-} (Okawaru gifted it to you on level 1 of the Snake
                  | Pit)
 26000 | Snake:1  | Received a gift from Okawaru
 26108 | Snake:1  | You fall into a shaft and drop 1 floor!
 26154 | Snake:2  | Noticed a nagaraja
 26330 | Snake:2  | Noticed Saint Roka
 26368 | Snake:2  | Killed Saint Roka
 26381 | Snake:2  | Reached XP level 16. HP: 55/143 MP: 7/21
 27140 | Snake:1  | Reached skill level 10 in Evocations
 27371 | Snake:1  | Identified the +0 hat of Fuidghaits {Str+6} (Okawaru gifted
                  | it to you on level 1 of the Snake Pit)
 27371 | Snake:1  | Received a gift from Okawaru
 27555 | Snake:1  | Noticed Donald
 27568 | Snake:1  | Killed Donald
 27956 | Snake:1  | Learned a level 3 spell: Vhi's Electric Charge
 28328 | Snake:2  | Found Biver's Weapon Shoppe.
 28335 | Snake:2  | Bought a +1 double sword of flaming for 578 gold pieces
 28614 | Snake:3  | Found the +4 Cigotuvi's embrace {Corpsefed rMiasma Drain
                  | rN+}
 28691 | Snake:3  | Identified the +0 pair of gloves of Ignis's Castigation
                  | {Will+}
 28694 | Snake:3  | Found Tughuij's Assorted Antiques.
 28700 | Snake:3  | Bought a potion of haste for 370 gold pieces
 28700 | Snake:3  | Bought a potion of invisibility for 296 gold pieces
 28709 | Snake:3  | Noticed Aizul
 28730 | Snake:3  | Found Papp's Antique Weapon Shoppe.
 28751 | Snake:3  | Found Qoid's Assorted Antiques.
 28875 | Snake:3  | Found Uvogaps's Antique Armour Shop.
 29308 | Snake:4  | Entered Level 4 of the Snake Pit
 29565 | Snake:4  | Identified the staff of Gallantry {rPois rF+ Fire}
 29907 | Snake:4  | Found a hide-covered altar of Uskayaw.
 31029 | Snake:4  | Received a gift from Okawaru
 31333 | Snake:4  | Reached XP level 17. HP: 107/154 MP: 16/22
 31460 | Snake:4  | Identified the amulet "Susuet" {Acrobat Int+3}
 32147 | Snake:4  | Got a serpentine rune of Zot
 32477 | Shoals:1 | Entered Level 1 of the Shoals
 32485 | Shoals:1 | Noticed Roxanne
 32536 | Shoals:1 | Reached skill level 15 in Fighting
 32976 | Shoals:1 | Identified the +5 falchion of Etauneut {heavy, rElec rCorr
                  | Str+8 Dex-2} (Okawaru gifted it to you on level 1 of the
                  | Shoals)
 32976 | Shoals:1 | Received a gift from Okawaru
 33588 | Shoals:2 | Found a frozen archway.
 33606 | IceCv    | Entered an ice cave
 34240 | IceCv    | Identified the amulet "Vufoj" {RegenMP rCorr Str+6 Stlth+}
 34981 | Shoals:3 | Identified the -2 pair of gloves of Eternity {rN++}
                  | (Okawaru gifted it to you on level 3 of the Shoals)
 34981 | Shoals:3 | Received a gift from Okawaru
 35260 | Shoals:3 | Noticed Ilsuiw
 35271 | Shoals:3 | Killed Ilsuiw
 35306 | Shoals:3 | Reached skill level 15 in Shields
 35858 | Shoals:4 | Entered Level 4 of the Shoals
 36181 | Shoals:4 | Reached XP level 18. HP: 133/166 MP: 19/24
 36520 | Shoals:4 | Identified the +1 great sword of the Countless Spines
                  | {flame, Str+4 Int+2 Stlth+}
 36737 | Shoals:4 | Got a barnacled rune of Zot
 36740 | Shoals:4 | Identified the staff "Testudineslayer" {rElec rCorr Air}
 37025 | Shoals:4 | Received a gift from Okawaru
 37034 | Shoals:4 | Noticed Louise
 37050 | Shoals:4 | Killed Louise
 37173 | Shoals:4 | Paralysed by an air elemental for 1 turns
 37840 | Shoals:4 | Paralysed by an air elemental for 1 turns
 38085 | Shoals:4 | Reached skill level 15 in Dodging
 38199 | Shoals:4 | Paralysed by an air elemental for 1 turns
 38496 | Orc:2    | Bought the amulet of the Air {Inacc Air Fly rElec RMsl} for
                  | 376 gold pieces
 38496 | Orc:2    | Found the amulet of the Air {Inacc Air Fly rElec RMsl}
 38528 | Elf:1    | Entered Level 1 of the Elven Halls
 38599 | Elf:1    | Received a gift from Okawaru
 38678 | Elf:1    | Noticed Agnes
 38684 | Elf:1    | Killed Agnes
 38711 | Elf:1    | Noticed Frances
 38723 | Elf:1    | Killed Frances
 38808 | Elf:1    | Found Tisaptic's Book Shoppe.
 38808 | Elf:1    | Found Kacsyome's Jewellery Shop.
 38809 | Elf:1    | Found Ynoyhag's Book Shoppe.
 38815 | Elf:1    | Bought a book of Spatial Translocations for 288 gold pieces
 38818 | Elf:1    | Learned a level 2 spell: Blink
 38821 | Elf:1    | Learned a level 2 spell: Lesser Beckoning
 39098 | Elf:1    | Noticed Nikola
 39109 | Elf:1    | Killed Nikola
 39110 | Elf:1    | Reached skill level 1 in Spellcasting
 39110 | Elf:1    | Reached skill level 1 in Translocations
 39268 | Elf:1    | Found Kougaicvou's Mass Market.
 39518 | Elf:1    | Found Casch's One-of-a-Kind Rings.
 39751 | Elf:2    | Found Buf Zag's Armour Emporium.
 39768 | Elf:2    | Found Xohot's Weapon Emporium.
 39840 | Elf:2    | Noticed Brmiller011's ghost (adept MiBe)
 39922 | Elf:2    | Paralysed by an air elemental for 1 turns
 39929 | Elf:2    | Paralysed by an air elemental for 1 turns
 40077 | Elf:2    | Found a runed translucent door.
 40156 | Elf:2    | Reached skill level 5 in Translocations
 40330 | Elf:2    | Reached XP level 19. HP: 169/177 MP: 25/25
 40359 | Elf:2    | Found a runed translucent gate.
 40360 | Elf:2    | Found a runed translucent gate.
 40360 | Elf:2    | Found a runed translucent gate.
 40437 | Elf:2    | Found Esseixkiumo's Assorted Antiques.
 40467 | Elf:2    | Bought a scroll of enchant weapon for 255 gold pieces
 40683 | Elf:2    | Identified the scarf of Cowardice {harm, SInv} (Okawaru
                  | gifted it to you on level 2 of the Elven Halls)
 40683 | Elf:2    | Received a gift from Okawaru
 41713 | Elf:3    | Entered Level 3 of the Elven Halls
 41915 | Elf:3    | Identified the staff "Z" {rC+ Stlth+ Ice}
 41925 | Elf:3    | Gained mutation: You sometimes lose your temper in combat.
                  | [a neqoxec]
 41978 | Elf:3    | Lost mutation: You sometimes lose your temper in combat.
                  | [potion of mutation]
 41978 | Elf:3    | Gained mutation: Your flesh is cold resistant. (rC+)
                  | [potion of mutation]
 41978 | Elf:3    | Gained mutation: You have a pair of small horns on your
                  | head. [potion of mutation]
 42326 | Elf:3    | Identified the +1 glaive "Sipuokat" {freeze, rElec rC+
                  | Dex+2}
 42330 | Elf:3    | Identified the +6 dagger of True Grit {heavy, rCorr Str+2}
 42394 | Elf:3    | Noticed a Brimstone Fiend
 42400 | Elf:3    | Received a gift from Okawaru
 42465 | Elf:3    | Identified the ring of the Leaf {rPois rN+ Will+ Str+7
                  | Slay-2}
 42715 | Elf:3    | Identified the +4 whip of the Slashing Whale {heavy, rPois
                  | Int+7}
 42872 | Elf:3    | Found the +10 Black Knight's barding {ponderous, rPois rN+}
 42887 | Elf:3    | Identified the staff "Pimeruri" {rF++ rC+ rCorr Int-3 SInv
                  | Ice}
 42890 | Elf:3    | Got the Parchment of Snowy Transfiguration
 42912 | Elf:3    | Identified the staff of Insomnia {rElec rF+ rCorr Int+2
                  | Fire}
 42918 | Elf:3    | Got Vosogh's Almanac of the Five Nightingales
 42934 | Elf:3    | Got Kiph's Dissertation on Scorching Blasts
 43367 | Elf:3    | Received a gift from Okawaru
 43765 | Vaults:1 | Entered Level 1 of the Vaults
 44173 | Vaults:1 | Reached XP level 20. HP: 152/189 MP: 26/26
 44936 | Vaults:2 | Reached skill level 10 in Stealth
 44973 | Vaults:2 | Received a gift from Okawaru
 45802 | Vaults:2 | Noticed Frederick
 45811 | Vaults:2 | Killed Frederick
 46122 | Vaults:2 | Noticed Mennas
 46153 | Vaults:2 | Killed Mennas
 46164 | Vaults:2 | Received a gift from Okawaru
 46234 | Vaults:2 | Found Ziadu's Distillery.
 46545 | Elf:1    | Bought the ring of Osaaqe Coli {rElec rPois rCorr Dex+6
                  | Slay+3} for 1303 gold pieces
 47573 | Vaults:3 | Identified the scarf of Lilacs {shadows, rC+ Str+4}
                  | (Okawaru gifted it to you on level 3 of the Vaults)
 47573 | Vaults:3 | Received a gift from Okawaru
 47995 | Vaults:3 | Reached XP level 21. HP: 195/200 MP: 27/27
 48465 | Vaults:3 | Found a staircase to the Crypt.
 48465 | Vaults:3 | Found an ancient bone altar of Kikubaaqudgha.
 48466 | Vaults:3 | Found a basalt altar of Yredelemnul.
 49034 | Vaults:4 | Reached skill level 17 in Long Blades
 49263 | Vaults:4 | Paralysed by a sphinx for 4 turns
 49477 | Vaults:4 | Identified the +5 falchion of the Spectre {heavy, Int+3}
                  | (Okawaru gifted it to you on level 4 of the Vaults)
 49477 | Vaults:4 | Received a gift from Okawaru
 50190 | Crypt:1  | Entered Level 1 of the Crypt
 50221 | Crypt:1  | Reached skill level 18 in Long Blades
 51549 | Crypt:2  | Reached skill level 19 in Long Blades
 51855 | Crypt:1  | Identified the +11 long sword "Xelenn" {protect, Dex+3}
                  | (Okawaru gifted it to you on level 1 of the Crypt)
 51855 | Crypt:1  | Received a gift from Okawaru
 52491 | Crypt:2  | Identified the +7 lajatang of the Demagogue {freeze, rF-
                  | rN++ Stlth+}
 52537 | Crypt:3  | Entered Level 3 of the Crypt
 52540 | Crypt:3  | Noticed Zenata
 52935 | Crypt:2  | Killed Zenata
 53045 | Crypt:3  | Identified the +1 dire flail "Z" {freeze, Int+3}
 53272 | Crypt:3  | Found a staircase to the Tomb.
 53315 | Crypt:3  | Noticed a curse toe
 53340 | Crypt:3  | Killed a curse toe
 53341 | Crypt:3  | Reached XP level 22. HP: 209/209 MP: 26/28
 53397 | Crypt:3  | Reached skill level 20 in Long Blades
 53560 | Crypt:3  | Noticed an ancient lich
 53560 | Crypt:3  | Noticed a dread lich
 53581 | Crypt:3  | Killed a dread lich
 53665 | Crypt:3  | Identified the -2 tower shield "Iboevoxt" {Str+2}
 53680 | Crypt:3  | Killed an ancient lich
 53682 | Crypt:3  | Identified the ring of the Swan {rPois rC+ rN+}
 53682 | Crypt:3  | Identified the ring of Zipn {rPois rN+ Str+2 Int-2}
 53682 | Crypt:3  | Identified the ring of Genkun {rF+ rN+ Int+3 Dex+4}
 53725 | Crypt:3  | Got Fiaf's Spellbook of Death
 54387 | Depths:1 | Entered Level 1 of the Depths
 54483 | D:15     | Received a gift from Okawaru
 54700 | Depths:1 | Reached skill level 21 in Long Blades
 55075 | Depths:1 | Found a gateway to Hell.
 55320 | Depths:1 | Found a one-way gate leading to the halls of Pandemonium.
 55755 | Depths:2 | Received a gift from Okawaru
 55762 | Depths:2 | Noticed a juggernaut
 55785 | Depths:2 | Killed a juggernaut
 55793 | Depths:2 | Reached skill level 22 in Long Blades
 56278 | Depths:2 | Identified the ring "Kyureqox" {rElec rPois rN+ MP+9 Str-5}
 56361 | Depths:2 | Identified the +4 quarterstaff "Haik" {spect, rPois rC+}
 56460 | Depths:2 | Found Yhuybrim's Book Shop.
 56840 | Depths:2 | Noticed Sojobo
 56884 | Depths:2 | Killed Sojobo
 57360 | Depths:3 | Received a gift from Okawaru
 57387 | Depths:3 | Found a one-way gate to the infinite horrors of the Abyss.
 57402 | Depths:3 | Found a flickering gateway to a bazaar.
 57419 | Bazaar   | Entered a bazaar
 57421 | Bazaar   | Found Cuewk's Armour Boutique.
 57425 | Bazaar   | Found Ruducuc's Jewellery Boutique.
 57425 | Bazaar   | Found Arghill's Book Boutique.
 57431 | Bazaar   | Found Cuef's Antique Weapon Boutique.
 57453 | Bazaar   | Bought a +2 cloak of stealth for 236 gold pieces
 57746 | Depths:3 | Noticed a golden dragon
 57759 | Depths:3 | Killed a golden dragon
 57807 | Depths:3 | Noticed Mara
 57813 | Depths:3 | Noticed Shard1697's illusion
 57942 | Depths:3 | Noticed Shard1697's illusion
 58085 | Depths:3 | Noticed Shard1697's illusion
 58102 | Depths:3 | Killed Mara
 58103 | Depths:3 | Reached skill level 23 in Long Blades
 58332 | Depths:3 | Reached XP level 23. HP: 197/215 MP: 29/29
 58588 | Depths:3 | Identified the amulet "Faygisei" {rPois rF+ Regen+ Str+4}
 58636 | Depths:3 | Identified the +4 shortbow "Fiyfiu" {drain, Dex+4}
 58728 | Depths:3 | Found a stormy altar of Qazlal.
 59137 | Depths:4 | Entered Level 4 of the Depths
 59150 | Depths:4 | Noticed a juggernaut
 59160 | Depths:4 | Noticed a caustic shrike
 59161 | Depths:4 | Noticed a caustic shrike
 59161 | Depths:4 | Noticed a caustic shrike
 59163 | Depths:4 | Noticed a caustic shrike
 59169 | Depths:4 | Killed a juggernaut
 59169 | Depths:4 | Received a gift from Okawaru
 59174 | Depths:4 | Killed a caustic shrike
 59175 | Depths:4 | Reached skill level 24 in Long Blades
 59178 | Depths:4 | Killed a caustic shrike
 59186 | Depths:4 | Killed a caustic shrike
 59194 | Depths:4 | Noticed a juggernaut
 59206 | Depths:4 | Killed a juggernaut
 59391 | Depths:4 | Noticed a caustic shrike
 59415 | Depths:3 | Killed a caustic shrike
 59515 | Depths:4 | Killed a caustic shrike
 59627 | Depths:4 | Found a gate to the Realm of Zot.
 59643 | Depths:4 | Identified the +1 scimitar of In Flagrante Delicto {heavy,
                  | rC++} (Okawaru gifted it to you on level 4 of the Depths)
 59643 | Depths:4 | Received a gift from Okawaru
 59973 | Depths:4 | Reached skill level 25 in Long Blades
 60123 | Depths:4 | Found a one-way gateway to a ziggurat.
 60443 | Depths:4 | Identified the ring "Pyssesyc" {rCorr SInv}
 60695 | Depths:3 | Voluntarily entered the Abyss.
 60817 | Abyss:3  | Found a corrupted altar of Lugonu.
 60829 | Abyss:3  | Found a corrupted altar of Lugonu.
 61006 | Abyss:3  | Found a corrupted altar of Lugonu.
 61044 | Abyss:3  | Got an abyssal rune of Zot
 61048 | Depths:3 | Escaped the Abyss
 61392 | Zot:1    | Entered Level 1 of the Realm of Zot
 61448 | Zot:1    | Received a gift from Okawaru
 61718 | Zot:1    | Reached skill level 26 in Long Blades
 61944 | Zot:1    | Reached XP level 24. HP: 223/223 MP: 29/29
 63281 | Zot:2    | Received a gift from Okawaru
 63576 | Zot:2    | Identified the +0 war axe of Erphumne {holy, rF+ rN+ rCorr}
 64597 | Zot:3    | Found a runed translucent gate.
 64597 | Zot:3    | Found a runed translucent gate.
 64597 | Zot:3    | Found a runed translucent gate.
 64827 | Zot:3    | Noticed spiderkeys's ghost (legendary OpSh)
 64946 | Zot:3    | Noticed a Killer Klown
 64957 | Zot:3    | Noticed a Killer Klown
 64973 | Zot:3    | Killed a Killer Klown
 64980 | Zot:3    | Killed a Killer Klown
 64981 | Zot:3    | Reached skill level 27 in Long Blades
 65267 | Zot:3    | Noticed a Killer Klown
 65280 | Zot:3    | Killed a Killer Klown
 65639 | Zot:3    | Noticed an orb of fire
 65646 | Zot:3    | Gained mutation: You are weak. (Str -2) [an orb of fire]
 65656 | Zot:3    | Killed an orb of fire
 65786 | Zot:3    | You are sucked into a shaft and drop 1 floor!
 66535 | Zot:4    | Noticed Parghit
 66925 | Zot:4    | Identified the +0 flail of Vewexuaj {heavy, rF- rCorr Int-3
                  | Dex+10}
 66962 | Zot:4    | Noticed Vv
 66989 | Zot:4    | Killed Vv
 67466 | Zot:4    | Noticed an orb of fire
 67471 | Zot:4    | Gained mutation: Your body sometimes deteriorates upon
                  | taking damage. [an orb of fire]
 67476 | Zot:4    | Killed an orb of fire
 67921 | Zot:5    | Entered Level 5 of the Realm of Zot
 67922 | Zot:5    | Found Kiosujis's CLEARANCE SALE!.
 68348 | Zot:5    | Bought a scroll of enchant weapon for 30 gold pieces
 68567 | Zot:5    | Identified the +7 great sword "Uhysie" {flame, rCorr Dex+2}
                  | (Okawaru gifted it to you on level 5 of the Realm of Zot)
 68567 | Zot:5    | Received a gift from Okawaru
 68586 | Zot:5    | Noticed a Killer Klown
 68613 | Zot:5    | Noticed a Killer Klown
 68645 | Zot:5    | Killed a Killer Klown
 68646 | Zot:5    | Reached XP level 25. HP: 231/231 MP: 4/29
 68646 | Zot:5    | Killed a Killer Klown
 68803 | Zot:5    | Noticed an orb of fire
 68807 | Zot:5    | Gained mutation: You occasionally shout uncontrollably at
                  | your foes. [an orb of fire]
 68823 | Zot:5    | Gained mutation: You occasionally lose the ability to read
                  | scrolls when taking damage. [an orb of fire]
 68828 | Zot:5    | Killed an orb of fire
 68963 | Zot:5    | Lost mutation: You have a pair of small horns on your head.
                  | [potion of mutation]
 68963 | Zot:5    | Lost mutation: You occasionally shout uncontrollably at
                  | your foes. [potion of mutation]
 68963 | Zot:5    | Lost mutation: Your flesh is cold resistant. (rC+) [potion
                  | of mutation]
 68963 | Zot:5    | Gained mutation: You have hidden genetic potential. [potion
                  | of mutation]
 68963 | Zot:5    | Gained mutation: You sometimes lose your temper in combat.
                  | [potion of mutation]
 68963 | Zot:5    | Gained mutation: You are clumsy. (Dex -2) [potion of
                  | mutation]
 68963 | Zot:5    | Lost mutation: You sometimes lose your temper in combat.
                  | [potion of mutation]
 68963 | Zot:5    | Noticed a Killer Klown
 68964 | Zot:5    | Lost mutation: You have hidden genetic potential. [potion
                  | of mutation]
 68964 | Zot:5    | Lost mutation: Your body sometimes deteriorates upon taking
                  | damage. [potion of mutation]
 68964 | Zot:5    | Gained mutation: You occasionally lose the ability to drink
                  | potions when taking damage. [potion of mutation]
 68964 | Zot:5    | Gained mutation: Your tail ends in a venomous barb. [potion
                  | of mutation]
 68965 | Zot:5    | Lost mutation: Your tail ends in a venomous barb. [potion
                  | of mutation]
 68965 | Zot:5    | Lost mutation: You occasionally lose the ability to drink
                  | potions when taking damage. [potion of mutation]
 68965 | Zot:5    | Gained mutation: You are robust. (+10% HP) [potion of
                  | mutation]
 68987 | Zot:5    | Killed a Killer Klown
 69011 | Zot:5    | Noticed a Killer Klown
 69026 | Zot:5    | Killed a Killer Klown
 69035 | Zot:5    | Noticed an ancient lich
 69042 | Zot:5    | Killed an ancient lich
 69289 | Zot:5    | Noticed an orb of fire
 69309 | Zot:5    | Killed an orb of fire
 69440 | Zot:5    | Got the Orb of Zot
 69728 | Depths:4 | Noticed a seraph
 70224 | D:1      | Lost mutation: You are weak. (Str -2) [potion of mutation]
 70224 | D:1      | Lost mutation: You are robust. (+10% HP) [potion of
                  | mutation]
 70224 | D:1      | Lost mutation: You are clumsy. (Dex -2) [potion of
                  | mutation]
 70224 | D:1      | Gained mutation: You are frail. (-10% HP) [potion of
                  | mutation]
 70224 | D:1      | Gained mutation: You are agile. (Dex +4, Str/Int -1)
                  | [potion of mutation]
 70225 | D:1      | Lost mutation: You are agile. (Dex +4, Str/Int -1) [potion
                  | of mutation]
 70225 | D:1      | Lost mutation: You occasionally lose the ability to read
                  | scrolls when taking damage. [potion of mutation]
 70225 | D:1      | Lost mutation: You are frail. (-10% HP) [potion of
                  | mutation]
 70225 | D:1      | Gained mutation: You are dopey. (Int -2) [potion of
                  | mutation]
 70227 | D:$      | Escaped with the Orb!

Illustrated notes

Levels and vault maps discovered:
D:1:      saegor_arrival_fortress, layout_basic, serial_shops,
          nicolae_shop_tiny_real_fake_doors
D:2:      layout_basic, minmay_cut_off, uniq_terence
D:3:      minmay_chambers_of_twos, layout_basic, uniq_natasha
D:4:      layout_loops_ring, minmay_misc_feat_tiny
D:5:      kennysheep_slugbush, layout_basic, kiku_gazebo_garden_becter,
          fedhas_altar_1, minmay_lizard_king, uniq_blork_the_orc
D:6:      layout_layer_cave, grunt_temple_overflow_open
D:7:      layout_gridville, minmay_temple_entry_antechambers
D:8:      layout_rooms, mainiacjoe_overflow_paths, erik_lair_island,
          chequers_serial_rivers_room_b
D:9:      layout_loops_ring, orc_0_dummy
D:10:     gammafunk_indiana_jones, layout_long_grid, minivault_25, uniq_grum,
          uniq_psyche
D:11:     layout_basic, gammafunk_ghost_necromancy, uniq_lodul, uniq_urug
D:12:     layout_basic, hangedman_decor_growths, serial_bayou_crossing,
          uniq_nessos
D:13:     layout_cave_pools, erik_vaults_1, serial_shops,
          nicolae_shop_hallway_stairs
D:14:     layout_cave_pools, chequers_serial_rivers_small_b
D:15:     gammafunk_enter_depths_forms, layout_basic,
          nicolae_trove_entry_diagonal
Temple:   nicolae_temple_bog_church
Lair:1:   layout_cave_pods, lemuel_fruit_fields
Lair:2:   layout_regular_city
Lair:3:   layout_cave_pods, nicolae_shoals_entry_flooding,
          guppyfry_snake_entry_island, lemuel_fruit_fields,
          serial_bayou_shore_a, uniq_nergalle
Lair:4:   layout_regular_city, minmay_slime_entry_pillars
Lair:5:   evilmike_catoblepas_cave, layout_loops_ring, basic_altar
Shoals:1: layout_shoals, uniq_roxanne
Shoals:2: layout_shoals, portal_ice_cave_entry_pillars_1,
          nicolae_shoals_bring_sunscreen
Shoals:3: layout_shoals, nicolae_shoals_flooded_hall, uniq_ilsuiw
Shoals:4: shoals_end_hellmonk_storm_palace [storm_palace_center_ruins,
          storm_palace_corner_reverse_hut, storm_palace_corner_grid,
          storm_palace_corner_grid, storm_palace_corner_pillars], uniq_louise
Snake:1:  cheibrodos_snake_lava_hold, layout_honeycomb, uniq_donald
Snake:2:  layout_concentric_octagons, minmay_shop_grid_forest,
          guppyfry_snake_island, uniq_saint_roka
Snake:3:  layout_cave_town, serial_shops, nicolae_shop_advertising_works
          [nicolae_subvault_shop_adworks], shop, nicolae_shop_back_alley_shop,
          shop, uniq_aizul
Snake:4:  snake_pit, layout_cave_town, lemuel_oklob_altar
Orc:1:    layout_diamond_mine, mines2_david, uniq_josephine
Orc:2:    grunt_orc_cross, layout_diamond_mine, mines4_lemuel, uniq_snorg,
          uniq_erolcha, uniq_sonja
Elf:1:    eino_elf_arrival_the_gate, layout_gridlike, minmay_elf_demonology,
          minmay_shop_mass, small_chamber_with_monster,
          statue_in_the_mist_lemuel, minmay_misc_feat_diagonals,
          nicolae_shop_unique_rings, minmay_shop_grove, uniq_agnes, uniq_nikola,
          uniq_frances
Elf:2:    nicolae_elf_blades_crystal_corner, layout_geoelf_grid, serial_shops,
          nicolae_stop_n_shop_1, hellmonk_ghost_big_iron, minmay_shop_star
Elf:3:    grunt_elf_hall_asides, layout_geoelf_octagon, serial_aquarium,
          aquarium_bridge_long_joined [aquarium_subvault_window,
          aquarium_subvault_wall, aquarium_subvault_bridge,
          aquarium_subvault_balcony, aquarium_subvault_bridge,
          aquarium_subvault_wall], aquarium_window_1, aquarium_window_1,
          aquarium_window_2, aquarium_window_3, aquarium_view_2c,
          aquarium_view_2d, aquarium_pool_2, grunt_ministairs_7,
          guppyfry_library_mini
Vaults:1: nicolae_vaults_back_hallway, grunt_vaults_hallway_long,
          nicolae_vaults_apartment_2, nicolae_vaults_tetromino_L_1,
          vaults_room_hallway, serial_ice_b, nicolae_vaults_three_branches,
          nicolae_vaults_tetromino_L_1, v_pattern_2, grunt_vaults_hallway_long,
          vaults_room_pool, ontoclasm_vaults_ring_small, layout_vaults_ring
Vaults:2: nicolae_vaults_lightning_bolt, vaults_room_door_hall,
          nicolae_vaults_murder_corner, vaults_mumra_minichess_inversion,
          v_pattern_3, nicolae_vaults_tetromino_L_1, ontoclasm_vaults_eye,
          nicolae_vaults_little_squares_3, layout_vaults_omnigrid, serial_shops,
          nicolae_shop_stone, uniq_mennas, uniq_frederick
Vaults:3: minmay_crypt_entry_necro_gods, vaults_room_octagon,
          vaults_room_semicircle, ontoclasm_vaults_water_temple,
          nicolae_vaults_double_plus_1, v_misc_2,
          nicolae_vaults_closet_pinwheel_2, v_misc_19,
          ontoclasm_vaults_ring_large, v_rooms_5,
          nicolae_vaults_closet_pinwheel_4, nicolae_vaults_closet_pinwheel_1,
          vaults_dpeg_diagonal, nicolae_vaults_closet_pinwheel_2,
          layout_vaults_maze_bifur, serial_glass
Vaults:4: nicolae_vaults_tetromino_Z_1, hangedman_vaults_stagger,
          v_alt_pattern_3, nicolae_vaults_weapon_check,
          nicolae_vaults_closet_pinwheel_5, v_alt_pattern_1, v_alt_pattern_6,
          nicolae_vaults_tetromino_Z_1, nicolae_vaults_sesquioval_fish,
          vaults_standard_mumra_lines, v_misc_16, nicolae_vaults_house_3,
          nicolae_vaults_double_plus_1, layout_vaults_big_room
Crypt:1:  layout_regular_city
Crypt:2:  layout_basic, grunt_ministairs_7
Crypt:3:  david_glass_crypt, layout_misc_corridors,
          nicolae_tomb_entry_unfolded_pyramid_diagonal, hex_tiny, uniq_zenata
Depths:1: layout_basic, rand_demon_pan_entry_8, hell_entry, nrook_pool_corridor,
          grunt_ministairs_10, kb_rosetta
Depths:2: kennysheep_oblong_rooms, layout_gridlike, nicolae_twisting_strands,
          pf_hell_entry_tar_spiral, rand_demon_pan_entry_9, serial_shops,
          nicolae_book_shop_shelving, infiniplex_staircase_pillars_2,
          uniq_sojobo, uniq_josephina
Depths:3: minmay_the_grid_3x2 [minmay_the_grid_x, minmay_the_grid_doors,
          minmay_the_grid_gridbox, minmay_the_grid_plusring,
          minmay_the_grid_holed_spiral, minmay_the_grid_prize_shrinking_boxes],
          layout_gridlike, old_standard_altar, abyss_entry, serial_shops,
          bzr_entry_gold, hangedman_geh_valley, infiniplex_staircase_pool_2,
          uniq_mara
Depths:4: grunt_zot_entry_funnels, layout_small_grid, enter_ziggurat_f,
          grunt_hell_horde, serial_bayou_shore_b, rand_demon_pan_entry_1,
          minivault_16
Zot:1:    layout_cathedral_of_symmetry
Zot:2:    layout_cathedral_of_symmetry, st_stairs_8
Zot:3:    circus_mu, layout_cathedral_of_symmetry, ebering_ghost_rock_garden
Zot:4:    kennysheep_blocky_hall, layout_misc_corridors, uniq_parghit, uniq_vv
Zot:5:    layout_misc_corridors, hangedman_zot_decor_scrapings,
          nicolae_shop_clearance

Skill      XL: |  1  2  3  4  5  6  7  8  9 10 11 12 13 14 15 16 17 18 19 20 21 22 23 24 25 |
---------------+----------------------------------------------------------------------------+-----
Long Blades    | 3 4 5 6 7 8 9 11 12 13 15 16 19 23 26 27 | 27.0
Fighting       | 5 6 8 10 11 13 14 15 17 18 19 | 19.9
Dodging        | 3 6 8 10 11 12 13 14 15 16 17 18 20 21 | 21.7
Invocations    | 2 4 7 8 9 |  9.3
Evocations     | 2 6 8 9 11 12 13 14 | 14.4
Shields        | 4 9 11 12 13 15 | 15.6
Stealth        | 5 6 9 13 | 13.8
Spellcasting   | 4 |  4.0
Translocations | 5 7 |  7.0

Action                     |  1- 3 |  4- 6 |  7- 9 | 10-12 | 13-15 | 16-18 | 19-21 | 22-24 | 25-27 || total
---------------------------+-------+-------+-------+-------+-------+-------+-------+-------+-------++-------
  Melee: Falchion          |    81 |   183 |   195 |       |       |       |       |       |       ||   459
         Tailslap          |     9 |    28 |    41 |    96 |   262 |   366 |   426 |   513 |    53 ||  1794
         Punch             |       |     5 |     5 |    11 |       |       |       |       |       ||    21
         Long sword        |       |       |    57 |     6 |       |       |       |       |       ||    63
         Scimitar          |       |       |       |   143 |       |       |       |       |       ||   143
         Double sword      |       |       |       |   381 |  1328 |  1780 |  1902 |  1941 |   201 ||  7533
         Unarmed           |       |       |       |     3 |       |       |       |       |       ||     3
         Demon whip        |       |       |       |       |     5 |       |       |       |       ||     5
         Headbutt          |       |       |       |       |       |       |   521 |   667 |    20 ||  1208
         Eudemon blade     |       |       |       |       |       |       |       |    43 |    10 ||    53
  Throw: Javelin           |       |     1 |       |     4 |       |     2 |     1 |       |       ||     8
         Throwing net      |       |       |       |       |       |       |       |     1 |       ||     1
   Cast: Lesser Beckoning  |       |       |       |       |       |       |     8 |     2 |       ||    10
         Blink             |       |       |       |       |       |       |       |     1 |       ||     1
 Invoke: Heroism           |       |       |       |     8 |     7 |    13 |    20 |    21 |     4 ||    73
         Finesse           |       |       |       |     1 |     2 |     2 |     3 |     6 |     3 ||    17
Ability: Breathe Fire      |       |       |    19 |    31 |    50 |    21 |    14 |     3 |     2 ||   140
         Evoke Invisibilit |       |       |       |       |       |       |       |     3 |       ||     3
  Evoke: Wand              |       |       |     7 |     5 |     7 |    25 |     6 |     2 |     5 ||    57
         Lightning rod     |       |       |       |       |       |     4 |       |     7 |       ||    11
         Condenser vane    |       |       |       |       |       |     1 |       |       |       ||     1
    Use: Scroll            |     7 |     5 |     7 |    11 |     5 |     6 |     4 |     9 |     1 ||    55
         Potion            |     2 |     1 |     2 |     6 |     3 |     5 |     2 |     9 |     9 ||    39
   Stab: Sleeping          |     8 |     4 |     4 |    13 |    23 |    30 |    57 |    45 |       ||   184
         Distracted        |       |     3 |     3 |     1 |     2 |     6 |    14 |    14 |     1 ||    44
         Invisible         |       |       |       |     2 |     7 |       |       |    63 |       ||    72
         Paralysed         |       |       |       |     2 |     3 |    10 |       |       |       ||    15
 Armour: Skin              |    28 |    34 |    83 |   183 |   235 |   305 |   233 |   259 |    30 ||  1390
  Dodge: Dodged            |    49 |   107 |   120 |   374 |   808 |  1062 |  1356 |  1582 |   171 ||  5629
         Repelled          |       |       |       |       |       |     4 |    14 |    28 |     1 ||    47
  Block: Kite shield       |       |       |       |    48 |   958 |  1311 |  1624 |  1673 |   148 ||  5762

Table legend: (Time is in decaauts)
 A = Elapsed time spent in this place.
 B = Non-inter-level travel time spent in this place.
 C = Inter-level travel time spent in this place.
 D = Time resting spent in this place.
 E = Time spent auto-exploring this place.
 F = Levels seen in this place.
 G = Mean time per level.
                   A        B        C        D        E       F      G
               +--------+--------+--------+--------+--------+-----+--------+
         Total |  68729 |  64128 |   4601 |  12224 |  34154 |  55 | 1249.6 |
       Dungeon |  16046 |  14333 |   1713 |   1604 |   9174 |  15 | 1069.7 |
        Temple |     58 |     51 |      7 |     41 |      0 |   1 |   58.0 |
          Lair |   7954 |   7593 |    361 |   1547 |   4295 |   5 | 1590.8 |
        Shoals |   5270 |   4938 |    332 |   1246 |   2175 |   4 | 1317.5 |
     Snake Pit |   6444 |   6168 |    276 |   1649 |   2764 |   4 | 1611.0 |
  Orcish Mines |   2825 |   2514 |    311 |    404 |   1104 |   2 | 1412.5 |
   Elven Halls |   4955 |   4750 |    205 |    982 |   2262 |   3 | 1651.7 |
        Vaults |   5972 |   5371 |    601 |      4 |   3991 |   4 | 1493.0 |
         Crypt |   3829 |   3560 |    269 |    948 |   1620 |   3 | 1276.3 |
        Depths |   6336 |   6030 |    306 |   1000 |   3492 |   4 | 1584.0 |
           Zot |   7997 |   7783 |    214 |   2640 |   3048 |   5 | 1599.4 |
         Abyss |    305 |    305 |      0 |      0 |     31 |   3 |  101.7 |
        Bazaar |     52 |     52 |      0 |      0 |      5 |   1 |   52.0 |
      Ice Cave |    680 |    680 |      0 |    156 |    191 |   1 |  680.0 |
               +--------+--------+--------+--------+--------+-----+--------+

Top non-repeatable levels by time:
 Snake:4: 2619 daAuts
   Zot:2: 2162 daAuts
   Orc:2: 2060 daAuts
  Lair:5: 2044 daAuts
Depths:3: 2022 daAuts
  Lair:3: 2002 daAuts
Depths:2: 1920 daAuts
Shoals:4: 1782 daAuts
   Elf:3: 1779 daAuts
Shoals:3: 1713 daAuts
   Elf:2: 1689 daAuts
Vaults:2: 1610 daAuts
Vaults:3: 1583 daAuts
    D:10: 1563 daAuts
   Zot:4: 1558 daAuts
